 Dungeon Crawl Stone Soup version 0.28.0 (webtiles) character file.

Game seed: 7874225522791085133

394 themarg the Caller (level 6, -4/32 HPs)
             Began as a Tengu Summoner on Feb 17, 2022.
             Shot with an arrow by a centaur (15 damage)
             ... on level 5 of the Dungeon.
             The game lasted 00:21:03 (5488 turns).

themarg the Caller (Tengu Summoner)                 Turns: 5488, Time: 00:21:05

Health: -4/32      AC:  3    Str: 10    XL:     6   Next: 81%
Magic:  20/21      EV: 20    Int: 17    God:
Gold:   220        SH:  0    Dex: 15    Spells: 5/12 levels left

rFire   . . .      SeeInvis .   m - +0 halberd
rCold   . . .      Faith    .   (shield currently unavailable)
rNeg    . . .      Spirit   .   a - +0 robe
rPois   .          Reflect  .   (helmet restricted)
rElec   .          Harm     .   q - scarf {+Inv}
rCorr   .          Rampage  .   u - +0 pair of gloves
Will    .....                   (boots unavailable)
Stlth   +++.......              (no amulet)
HPRegen 0.10/turn               k - ring of Youthful Indiscretion {EV+4 Str+2}
MPRegen 0.17/turn               v - ring of magical power

@: flying quickly and evasively, quick
A: beak, talons 3, nimble flight
a: Evoke Invisibility


You were on level 5 of the Dungeon.
You visited 1 branch of the dungeon, and saw 5 of its levels.

You collected 220 gold pieces.

Inventory:

Hand Weapons
 b - a +2 dagger of freezing
 m - a +0 halberd (weapon)
Missiles
 g - 10 poisoned darts
Armour
 a - a +0 robe (worn)
 i - a +2 kite shield
 q - a scarf of invisibility (worn)
 u - a +0 pair of gloves (worn)
Magical Staves
 w - a staff of poison
Jewellery
 c - a ring of flight
 k - the ring of Youthful Indiscretion (left hand) {EV+4 Str+2}
   (You found it on level 2 of the Dungeon)

   [ring of evasion]

   EV:        It affects your evasion (+4).
   Str:       It affects your strength (+2).
 v - a ring of magical power (right hand)
Scrolls
 d - a scroll of identify
 f - a scroll of fear {unknown}
 h - 2 scrolls of noise
 n - 2 scrolls of teleportation
 p - a scroll of fog {unknown}
Potions
 e - 3 potions of brilliance
 j - a potion of invisibility {unknown}
 l - a potion of flight {unknown}
 o - 2 potions of might {unknown}
 r - a potion of attraction {unknown}
 s - a potion of mutation {unknown}
 t - a potion of magic {unknown}
 x - a potion of berserk rage {unknown}
 z - 2 potions of haste {unknown}


   Skills:
 + Level 4.3 Dodging
 + Level 4.1 Stealth
 + Level 3.5 Spellcasting
 + Level 6.3 Summonings


You had 5 spell levels left.
You knew the following spells:

 Your Spells              Type           Power      Damage    Failure   Level
a - Summon Small Mammal   Summ           96%        N/A       1%          1
b - Call Canine Familiar  Summ           24%        N/A       3%          3
c - Summon Guardian Gole  Hex/Summ       13%        N/A       14%         3

Your spell library contained the following spells:

 Spells                   Type           Power      Damage    Failure   Level
 Call Imp                 Summ           24%        N/A       1%          2
 Summon Lightning Spire   Summ/Air       13%        N/A       41%         4


Dungeon Overview and Level Annotations

Branches:
Dungeon (5/15)
 Temple: D:4-7

Altars:

Shops:
D:1 (   D:2 *


Innate Abilities, Weirdness & Mutations

You have a beak for a mouth.
You have claws for feet.
Your magical nature lets you fly swiftly and evasively.


Message History

Your hound bites the scorpion.
You barely miss the scorpion. You claw the scorpion!
You peck the scorpion, but do no damage.
The scorpion is heavily wounded.
Your hound closely misses the scorpion.
The scorpion misses you.
Your hound barely misses the scorpion.
The scorpion barely misses you.
You slash the scorpion!
You kill the scorpion!
You swap places.
There is a stone staircase leading down here.
Found a scroll labelled ZOXZENERAE.
A centaur comes into view.
The centaur wields a +0 shortbow.
The centaur shoots an arrow.
The arrow hits you.
The centaur shoots an arrow.
The arrow completely misses you.
You swap places.
The centaur shoots an arrow.
The arrow completely misses your hound. The arrow misses you.
You swap places.
The centaur shoots an arrow.
The arrow hits your hound.
The centaur shoots an arrow.
The arrow hits your hound.
The centaur shoots an arrow.
The arrow closely misses your hound. The arrow hits your guardian golem.
The centaur shoots an arrow.
The arrow barely misses your hound. The arrow hits your guardian golem.
The centaur shoots an arrow.
The arrow hits your hound.
You swap places.
The centaur shoots an arrow.
The arrow hits your hound!
You swap places.
The centaur shoots an arrow.
The arrow hits you!
You swap places.
Your guardian golem disappears in a puff of smoke!
The centaur shoots an arrow.
The arrow hits your hound!
Your hound dies!
Your hound's corpse disappears in a puff of smoke!
The centaur shoots an arrow.
The arrow misses you.
The centaur shoots an arrow.
The arrow hits you!
Reach: m) +0 halberd
Press: ? - help, Dir - move target, f - centaur
Aim: a centaur, wielding a +0 shortbow and quivering arrows (about 38% to evade your +0 halberd)
You reach to attack!
You puncture the centaur!
The centaur is moderately wounded.
The centaur shoots an arrow.
The arrow hits you!
You die...

#...............
#<.............#
##..............
##...#....#...
#####.>### ##.#
#.# #.# #@# #.#
#c# #.# #.# ..?
... ... .....


You could see a centaur.

Vanquished Creatures
  A scorpion (D:5)
  2 adders
  A white imp (D:4)
  4 dart slugs
  7 bats
  8 endoplasms
  2 giant cockroaches (D:1)
  4 goblins
  5 hobgoblins
  2 jackals (D:1)
  4 quokkas
  4 ball pythons
  3 frilled lizards
  5 kobolds
  3 rats
55 creatures vanquished.

Vanquished Creatures (collateral kills)
  A black bear (D:4)
  A hound (D:4)
  3 adders
  4 gnolls (D:3)
  A worm (D:3)
  An orc (D:3)
  5 ball pythons
  6 endoplasms
  A giant cockroach (D:3)
  6 hobgoblins
  8 jackals
  4 quokkas
  2 bats (D:1)
  2 frilled lizards
  3 goblins
  3 kobolds
  A rat (D:1)
52 creatures vanquished.

Grand Total: 107 creatures vanquished

Notes
Turn   | Place    | Note
-------+----------+-------------------------------------------
     0 | D:1      | themarg the Tengu Summoner began the quest for the Orb.
     0 | D:1      | Reached XP level 1. HP: 10/10 MP: 4/4
   219 | D:1      | Reached XP level 2. HP: 12/15 MP: 3/6
   228 | D:1      | Reached skill level 5 in Summonings
   575 | D:1      | Reached XP level 3. HP: 19/19 MP: 7/7
   934 | D:1      | Found Meonomedgh's Weapon Shoppe.
  1234 | D:1      | You are sucked into a shaft and drop 1 floor!
  1239 | D:2      | Learned a level 3 spell: Call Canine Familiar
  1896 | D:2      | Reached XP level 4. HP: 24/24 MP: 8/8
  2131 | D:2      | Found Dijyw's General Store.
  2385 | D:2      | Identified the ring of Youthful Indiscretion {EV+4 Str+2}
  2808 | D:3      | Gained mutation: Your magical nature lets you fly swiftly
                  | and evasively. [Tengu growth]
  2808 | D:3      | Reached XP level 5. HP: 9/28 MP: 4/10
  4739 | D:4      | Noticed a black bear
  4763 | D:4      | Killed a black bear
  4764 | D:4      | Reached skill level 6 in Summonings
  4764 | D:4      | Reached XP level 6. HP: 4/32 MP: 10/12
  5451 | D:4      | Learned a level 3 spell: Summon Guardian Golem
  5452 | D:5      | Entered Level 5 of the Dungeon
  5488 | D:5      | Shot with an arrow by a centaur

Illustrated notes

Levels and vault maps discovered:
D:1:      lemuel_arrival_broad_hall, layout_basic, serial_shops, shop,
          chequers_decorated_corner, minmay_misc_feat_secret_circle,
          minmay_tromino_v4_a
D:2:      layout_basic, serial_shops, shop_statue, kennysheep_big_empty_room
D:3:      layout_loops_ring, minmay_fractal_squares_diagonal_5
D:4:      layout_basic
D:5:      layout_rooms, serial_shops, nicolae_lakefront_shop,
          uniq_crazy_yiuf_cottage, uniq_edmund

Skill      XL: |  1  2  3  4  5  6 |
---------------+-------------------+-----
Summonings     | 5 6 |  6.3
Dodging        | 3 4 |  4.3
Stealth        | 3 4 |  4.1
Spellcasting   | 3 |  3.5

Action                   |  1- 3 |  4- 6 || total
-------------------------+-------+-------++-------
Melee: Dagger            |    59 |    25 ||    84
       Kick              |    12 |     9 ||    21
       Peck              |     6 |     7 ||    13
       Halberd           |       |    43 ||    43
 Cast: Summon Small Mamm |    39 |    16 ||    55
       Call Canine Famil |       |    26 ||    26
       Summon Guardian G |       |     1 ||     1
  Use: Scroll            |       |     3 ||     3
 Stab: Sleeping          |     3 |     9 ||    12
       Distracted        |       |     1 ||     1
Armor: Robe              |    20 |     4 ||    24
Dodge: Dodged            |    47 |    50 ||    97
